 Dungeon Crawl Stone Soup version 0.19.5 (webtiles) character file.

10 Jerry the Digger (level 2, 11/20 HPs)
             Began as a Ghoul Earth Elementalist on Apr 22, 2017.
             Quit the game on level 2 of the Dungeon.
             The game lasted 00:04:20 (813 turns).

Jerry the Digger (Ghoul Earth Elementalist)          Turns: 813, Time: 00:04:20

Health: 11/20      AC:  2    Str: 11    XL:     2   Next: 20%
Magic:  0/4        EV: 12    Int: 10    God:
Gold:   70         SH:  0    Dex:  9    Spells: 1 memorised, 4 levels left

rFire  . . .     SeeInvis .     (no weapon)
rCold  + . .     Gourm    .     c - +0 robe
rNeg   + + +     Faith    .     (no shield)
rPois  ∞         Spirit   .     (no helmet)
rElec  .         Reflect  .     (no cloak)
rCorr  .         Harm     .     (no gloves)
MR     .....                    (no boots)
Stlth  ++........               (no amulet)
                                (no ring)
                                (no ring)

@: very slightly contaminated, rotting
A: rotting body, claws 1, carnivore 3, cold resistance 1, negative energy
resistance 3, slow regeneration 1, torment resistance, unbreathing
a: no special abilities


You were on level 2 of the Dungeon.
You were not hungry.

You visited 1 branch of the dungeon, and saw 2 of its levels.

You collected 70 gold pieces.

Inventory:

Missiles
 b - 44 stones (quivered)
Armour
 c - a +0 robe (worn)
Books
 e - a book of Geomancy

   Spells                             Type                      Level
   a - Sandblast                      Earth                        1
   b - Passwall                       Transmutation/Earth          2
   c - Stone Arrow                    Conjuration/Earth            3
   d - Petrify                        Transmutation/Earth          4
   e - Lee's Rapid Deconstruction     Earth                        5
Comestibles
 d - a meat ration


   Skills:
 + Level 0.2 Fighting
 - Level 1.7 Dodging
 - Level 2.1 Stealth
 - Level 0.4 Unarmed Combat
 + Level 2.0 Spellcasting
   Level 0.8 Transmutations
 * Level 3.6 Earth Magic


You had 4 spell levels left.
You knew the following spells:

 Your Spells              Type           Power        Failure   Level  Hunger
a - Sandblast             Erth           #.....       10%         1    ##.....


Dungeon Overview and Level Annotations

Branches:
Dungeon (2/15)

Altars:


Innate Abilities, Weirdness & Mutations

Your body is rotting away.
You thrive on raw meat.
You are immune to poison.
You have sharp fingernails.
You are carnivorous and can eat meat at any time.
Your flesh is cold resistant. (rC+)
You are immune to negative energy. (rN+++)
You regenerate slowly when monsters are visible.
You are immune to unholy pain and torment.
You can survive without breathing.


Message History

As you read the scroll labeled RUINUM CIUNU, it crumbles to dust.
It is a scroll of enchant weapon.
You aren't carrying any weapons that can be enchanted.
The jackal bites you.
You aren't carrying any potions.
The jackal bites you.
An adder comes into view.
The adder hisses angrily.
The jackal closely misses you.
Casting: Sandblast
Confirm with . or Enter, or press ? or * to list all spells.
Aiming: Sandblast
Press: ? - help, Shift-Dir - straight line, f - giant cockroach
Aim: a giant cockroach (heavily wounded)
The blast of sand hits the giant cockroach.
You kill the giant cockroach!
Your Spellcasting skill increases to level 2!
The jackal bites you. The jackal closely misses you.
The jackal bites you but does no damage.
Are you sure you want to abandon this character and quit the game? (Confirm with "yes".)

###.#
####....####.#....
###..(.............
#.......#...##.#...
..hhl.### .......
...#### #...S. ..##
#....### ..#
#......# # .##
#...@..# # .
####..†hh.# # #
##.........# #
#....8...$.# #
#...8.8....# #
#..8._.8...# #
....8.8....# #
.....8.....# #
...........# #


You could see an adder and 2 jackals.

Vanquished Creatures
  A dart slug (D:1)
  A bat (D:2)
  A giant cockroach (D:2)
  A goblin (D:1)
  A hobgoblin (D:1)
  2 frilled lizards
  A rat (D:1)
8 creatures vanquished.

Notes
Turn   | Place    | Note
-------+----------+-------------------------------------------
     0 | D:1      | Jerry the Ghoul Earth Elementalist began the quest for the Orb.
     0 | D:1      | Reached XP level 1. HP: 14/14 MP: 2/2
   561 | D:1      | Reached XP level 2. HP: 17/20 MP: 0/3
   692 | D:2      | Found a faded altar of an unknown god.
   813 | D:2      | Quit the game

Skill      XL: |  1  2 |
---------------+-------+-----
Spellcasting   | 2 |  2.0
Fighting       | |  0.2
Dodging        | |  1.7
Stealth        | |  2.1
Unarmed Combat | |  0.4
Transmutations | |  0.8
Earth Magic    | |  3.6

Action                   || total
-------------------------++-------
Melee: Unarmed           ||    20
 Cast: Sandblast         ||    12
  Use: Scroll            ||     6
       Potion            ||     1
  Eat: Chunk             ||     4
Armor: Robe              ||    15
Dodge: Dodged            ||    38
